 Dungeon Sprint DCSS version 0.17-a0-1450-g7e755d1 (webtiles) character file.

18202 pulse the Shatterer (level 12, -3/125 HPs)
             Began as a Minotaur Berserker on June 30, 2015.
             Was the Champion of Trog.
             Slain by an ettin
             ... wielding a +0 dire flail
              (35 damage)
             ... in the Dungeon (Sprint IX: "|||||||||||||||||||||||||||||").
             The game lasted 00:08:55 (2818 turns).

pulse the Shatterer (Minotaur Berserker)            Turns: 2818, Time: 00:08:55

Health: -3/125     AC: 26    Str: 25    XL:     12   Next: 25%
Magic:  11/11      EV: 13    Int:  7    God:    Trog [******]
Gold:   337        SH:  0    Dex: 14    Spells: 0 memorised, 11 levels left

rFire  . . .     SeeInvis .     a - +5 great mace (holy)
rCold  . . .     Clarity  .     z - +4 plate armour {MR+}
rNeg   . . .     SustAt   .     (no shield)
rPois  .         Gourm    .     (helmet restricted)
rElec  .         Spirit   .     D - +1 cloak
rCorr  .         Warding  .     (no gloves)
rMut   .         NoTele   +     (no boots)
MR     +....                    (no amulet)
Stlth  ..........               q - +3 ring of intelligence
                                p - +2 ring of protection

@: somewhat resistant to hostile enchantments, extremely unstealthy
A: retaliatory headbutt, horns 2, agile 1
a: Burn Spellbooks, Berserk, Trog's Hand, Brothers in Arms, Renounce Religion


You were in the Dungeon.
You worshipped Trog.
Trog was exalted by your worship.
You were not hungry.

You visited 1 branch You collected 1662 gold pieces.
You spent 1325 gold pieces at shops.

Inventory:

Hand weapons
 a - a +5 great mace of holy wrath (weapon)
 y - a +3 antimagic great mace
Armour
 z - a +4 plate armour of magic resistance (worn)
 D - a +1 cloak (worn)
Magical staves
 r - an uncursed staff of energy
Jewellery
 o - an uncursed ring of fire
 p - a +2 ring of protection (left hand)
 q - a +3 ring of intelligence (right hand)
 u - an uncursed ring of protection from cold
 C - an uncursed ring of fire
Magical devices
 l - a wand of fire (7)
Scrolls
 i - 4 scrolls of blinking
 k - 4 scrolls of remove curse
 t - 2 scrolls of fear
 v - 2 scrolls of fog
 w - 4 scrolls of identify
 A - 2 scrolls of recharging
 B - a scroll of random uselessness {unknown}
Potions
 d - 8 potions of curing
 e - 6 potions of heal wounds
 f - 2 potions of haste
 g - 4 potions of magic
 h - a potion of berserk rage
 j - a potion of invisibility
 m - 2 potions of might
 s - 2 potions of brilliance
Comestibles
 b - 40 fruits
 c - 13 bread rations
 x - 11 meat rations


   Skills:
 + Level 17.0 Fighting
 * Level 24.2 Maces & Flails
 * Level 16.1 Armour
 + Level 10.0 Dodging
 - Level 2.1 Stealth


You had 11 spell levels left.
You didn't know any spells.

Dungeon Overview and Level Annotations

Branches:
Dungeon (1/1)

Altars:
Cheibriados
Dithmenos
Elyvilon
Fedhas
Gozag
Kikubaaqudgha
Makhleb
Nemelex Xobeh
Okawaru
Qazlal
Ru
Sif Muna
Trog
Vehumet
Xom
Yredelemnul
Zin
The Shining One
Beogh
Jiyva
Lugonu

Shops:
D *::!


Innate Abilities, Weirdness & Mutations

You reflexively headbutt those who attack you in melee.
You have a pair of horns on your head.
You are agile. (Dex +2)


Message History

Trog accepts your kill.
Your Fighting skill increases to level 17!
You hit the ettin.
The ettin is lightly wounded.
You hit the ettin.
The ettin is lightly wounded.
The ettin hits you with a dire flail!
* * * LOW HITPOINT WARNING * * *
The ettin hits you with a dire flail!!
* * * LOW HITPOINT WARNING * * *
You are too injured to fight recklessly!
You are too injured to fight recklessly!
Drink which item? (? for menu, Esc to quit)
You feel much better. The ettin misses you.
The ettin hits you with a dire flail!!
* * * LOW HITPOINT WARNING * * *
Drink which item? (? for menu, Esc to quit)
You feel much better. The ettin misses you.
The ettin hits you with a dire flail!!
You die...

▓.▓.▓.▓.▓.▓.▓
▓.▓.▓'▓.▓.▓.▓.▓
▓.▓.▓[▓.▓.▓.▓.▓
▓.▓.▓.▓.▓∩▓.▓.▓
▓.▓.▓[▓.▓)▓.▓Y▓
▓)▓.▓.▓.▓∩▓.▓J▓
▓'▓.▓.▓.▓)▓.▓C▓
▓(▓.▓.▓.▓∩▓.▓C▓
▓.▓.▓.▓.▓)▓.▓@▓
▓.▓.▓.▓.▓∩▓.▓.▓
▓[▓.▓.▓.▓.▓.▓.▓
▓.▓.▓÷▓.▓)▓.▓(▓
▓)▓.▓.▓.▓)▓.▓†▓
▓.▓.▓.▓.▓)▓.▓)▓
▓?▓.▓÷▓.▓)▓.▓.▓
▓.▓.▓.▓.▓)▓.▓.▓
▓'▓.▓.▓.▓.▓.▓.▓


You could see 2 ettins, a slime creature and an ice beast.

Vanquished Creatures
  A fire giant (D)
  A stone giant (D)
  Josephine (D)
  A hydra (D)
  A catoblepas (D)
  4 death yaks (D)
  2 orc high priests (D)
  2 hill giants (D)
  An unseen horror (D)
  2 orc knights (D)
  An ugly thing (D)
  6 orc sorcerers (D)
  A cyclops (D)
  A black mamba (D)
  2 spiny frogs (D)
  A troll (D)
  A slime creature (D)
  3 wraiths (D)
  A hungry ghost (D)
  A vampire mosquito (D)
  4 yaks (D)
  A hippogriff (D)
  A mottled dragon (D)
  5 orc warriors (D)
  2 porcupines (D)
  2 crocodiles (D)
  2 centaurs (D)
  6 giant frogs (D)
  4 hounds (D)
  5 orc priests (D)
  11 orc wizards (D)
  3 iguanas (D)
  A river rat (D)
  A shadow imp (D)
  8 orcs (D)
  A hobgoblin (D)
  2 bats (D)
  A giant gecko skeleton (D)
  A giant newt (D)
  2 kobolds (D)
  A quokka skeleton (D)
  A quokka zombie (D)
  A rat (D)
100 creatures vanquished.

Vanquished Creatures (others)
  A bat zombie (D)
1 creature vanquished.

Grand Total: 101 creatures vanquished

Notes
Turn   | Place    | Note
--------------------------------------------------------------
     0 | D        | pulse the Minotaur Berserker began the quest for the Orb.
     0 | D        | Reached XP level 1. HP: 19/19 MP: 0/0
     5 | D        | Reached skill level 4 in Fighting
     8 | D        | Acquired Trog's second power
   172 | D        | Noticed a hound
   172 | D        | Noticed a hound
   177 | D        | Killed a hound
   177 | D        | Reached skill level 5 in Fighting
   177 | D        | Reached skill level 5 in Maces & Flails
   177 | D        | Reached XP level 2. HP: 25/30 MP: 1/1
   177 | D        | Reached XP level 3. HP: 30/37 MP: 2/2
   181 | D        | Killed a hound
   181 | D        | Reached skill level 6 in Fighting
   271 | D        | Found a glowing silver altar of Zin.
   271 | D        | Found a glowing golden altar of the Shining One.
   271 | D        | Found an ancient bone altar of Kikubaaqudgha.
   271 | D        | Found a basalt altar of Yredelemnul.
   271 | D        | Found a shimmering altar of Xom.
   271 | D        | Found a radiant altar of Vehumet.
   272 | D        | Found an iron altar of Okawaru.
   273 | D        | Found a burning altar of Makhleb.
   274 | D        | Found a deep blue altar of Sif Muna.
   275 | D        | Found a bloodstained altar of Trog.
   276 | D        | Found a sparkling altar of Nemelex Xobeh.
   277 | D        | Found a white marble altar of Elyvilon.
   278 | D        | Found a roughly hewn altar of Beogh.
   279 | D        | Found a viscous altar of Jiyva.
   280 | D        | Found a corrupted altar of Lugonu.
   281 | D        | Found a blossoming altar of Fedhas.
   282 | D        | Found a snail-covered altar of Cheibriados.
   283 | D        | Found a shadowy altar of Dithmenos.
   284 | D        | Found a stormy altar of Qazlal.
   285 | D        | Found an opulent altar of Gozag.
   286 | D        | Found a sacrificial altar of Ru.
   339 | D        | Noticed a giant frog
   339 | D        | Noticed a hill giant
   339 | D        | Noticed a hound
   339 | D        | Noticed a hound
   339 | D        | Noticed a centaur
   341 | D        | Acquired Trog's third power
   341 | D        | Reached XP level 4. HP: 45/45 MP: 3/3
   346 | D        | Killed a centaur
   346 | D        | Reached skill level 8 in Fighting
   346 | D        | Reached skill level 5 in Dodging
   346 | D        | Reached skill level 1 in Stealth
   346 | D        | Reached XP level 5. HP: 50/55 MP: 4/4
   354 | D        | Killed a hill giant
   354 | D        | Reached skill level 11 in Fighting
   354 | D        | Reached skill level 5 in Armour
   354 | D        | Reached XP level 6. HP: 38/70 MP: 5/5
   354 | D        | Reached XP level 7. HP: 40/75 MP: 6/6
   355 | D        | Killed a hound
   355 | D        | Reached skill level 12 in Maces & Flails
   358 | D        | Killed a hound
   361 | D        | Killed a giant frog
   577 | D        | Noticed a hill giant
   577 | D        | Noticed an orc wizard
   577 | D        | Noticed a troll
   577 | D        | Noticed a mottled dragon
   581 | D        | Killed a mottled dragon
   581 | D        | Reached skill level 13 in Maces & Flails
   594 | D        | Killed a troll
   594 | D        | Reached XP level 8. HP: 64/85 MP: 7/7
   601 | D        | Killed a hill giant
   601 | D        | Received a gift from Trog
   601 | D        | Reached skill level 14 in Maces & Flails
   609 | D        | Killed an orc wizard
   943 | D        | Noticed a spiny frog
   943 | D        | Noticed a giant frog
   943 | D        | Noticed an iguana
   943 | D        | Noticed a crocodile
   943 | D        | Noticed an iguana
   943 | D        | Noticed a four-headed hydra
   949 | D        | Noticed a giant frog
   951 | D        | Killed a four-headed hydra
   951 | D        | Reached skill level 16 in Maces & Flails
   951 | D        | Reached XP level 9. HP: 65/93 MP: 8/8
   952 | D        | Killed an iguana
   953 | D        | Noticed a hippogriff
   959 | D        | Noticed an iguana
   960 | D        | Killed a crocodile
   963 | D        | Killed an iguana
   963 | D        | Received a gift from Trog
   971 | D        | Killed a spiny frog
   979 | D        | Killed a giant frog
   982 | D        | Killed a giant frog
   982 | D        | Reached skill level 10 in Armour
   986 | D        | Killed a hippogriff
   986 | D        | Reached skill level 17 in Maces & Flails
   988 | D        | Killed an iguana
  1199 | D        | Noticed a giant frog
  1199 | D        | Noticed a porcupine
  1199 | D        | Noticed a crocodile
  1199 | D        | Noticed a yak
  1199 | D        | Noticed a spiny frog
  1201 | D        | Killed a spiny frog
  1202 | D        | Noticed a giant frog
  1205 | D        | Noticed a porcupine
  1207 | D        | Killed a yak
  1211 | D        | Killed a crocodile
  1212 | D        | Killed a porcupine
  1212 | D        | Received a gift from Trog
  1213 | D        | Noticed a black mamba
  1216 | D        | Killed a giant frog
  1218 | D        | Killed a giant frog
  1220 | D        | Killed a porcupine
  1224 | D        | Killed a black mamba
  1224 | D        | Reached skill level 18 in Maces & Flails
  1224 | D        | Reached XP level 10. HP: 85/103 MP: 9/9
  1242 | D        | Noticed a death yak
  1242 | D        | Noticed a death yak
  1242 | D        | Noticed a death yak
  1242 | D        | Noticed a yak
  1242 | D        | Noticed a catoblepas
  1242 | D        | Noticed a death yak
  1248 | D        | Noticed a yak
  1289 | D        | Killed a death yak
  1294 | D        | Noticed a yak
  1302 | D        | Killed a catoblepas
  1302 | D        | Received a gift from Trog
  1302 | D        | Reached skill level 19 in Maces & Flails
  1308 | D        | Killed a death yak
  1313 | D        | Killed a death yak
  1321 | D        | Killed a death yak
  1321 | D        | Reached skill level 20 in Maces & Flails
  1325 | D        | Killed a yak
  1329 | D        | Killed a yak
  1332 | D        | Killed a yak
  1647 | D        | Noticed a wraith
  1648 | D        | Noticed a wraith
  1650 | D        | Noticed Josephine
  1652 | D        | Killed a wraith
  1652 | D        | Reached skill level 15 in Fighting
  1652 | D        | Reached XP level 11. HP: 103/112 MP: 10/10
  1653 | D        | Killed a wraith
  1655 | D        | Noticed a wraith
  1660 | D        | Killed Josephine
  1660 | D        | Received a gift from Trog
  1665 | D        | Killed a wraith
  1720 | D        | Noticed an orc priest
  1720 | D        | Noticed an orc priest
  1721 | D        | Killed an orc priest
  1722 | D        | Noticed an orc priest
  1727 | D        | Noticed a stone giant
  1728 | D        | Killed an orc priest
  1729 | D        | Noticed an orc wizard
  1733 | D        | Received a gift from Trog
  1734 | D        | Noticed an orc warrior
  1735 | D        | Noticed an orc wizard
  1736 | D        | Killed an orc priest
  1737 | D        | Noticed an orc priest
  1741 | D        | Noticed an orc wizard
  1742 | D        | Killed a stone giant
  1742 | D        | Reached skill level 21 in Maces & Flails
  1747 | D        | Killed an orc warrior
  1750 | D        | Killed an orc wizard
  1753 | D        | Killed an orc wizard
  1756 | D        | Killed an orc priest
  1758 | D        | Killed an orc wizard
  1758 | D        | Received a gift from Trog
  2023 | D        | Noticed an orc warrior
  2023 | D        | Noticed an orc warrior
  2023 | D        | Noticed an orc high priest
  2023 | D        | Noticed an orc knight
  2023 | D        | Noticed an orc high priest
  2028 | D        | Killed an orc high priest
  2029 | D        | Noticed an orc warrior
  2037 | D        | Killed an orc knight
  2038 | D        | Noticed an orc priest
  2047 | D        | Noticed an orc knight
  2048 | D        | Killed an orc high priest
  2048 | D        | Reached skill level 22 in Maces & Flails
  2048 | D        | Reached skill level 15 in Armour
  2052 | D        | Noticed an orc warrior
  2052 | D        | Killed an orc warrior
  2053 | D        | Killed an orc warrior
  2054 | D        | Killed an orc warrior
  2062 | D        | Killed an orc knight
  2062 | D        | Received a gift from Trog
  2065 | D        | Killed an orc warrior
  2069 | D        | Killed an orc priest
  2290 | D        | Found Ifiorepi's Distillery.
  2290 | D        | Noticed an orc sorcerer
  2290 | D        | Noticed an orc wizard
  2290 | D        | Noticed an orc wizard
  2290 | D        | Noticed an orc wizard
  2290 | D        | Noticed an orc wizard
  2291 | D        | Killed an orc wizard
  2292 | D        | Noticed an orc sorcerer
  2294 | D        | Noticed an orc wizard
  2294 | D        | Killed an orc wizard
  2294 | D        | Received a gift from Trog
  2296 | D        | Killed an orc wizard
  2297 | D        | Found Riwurene's Book Shop.
  2299 | D        | Noticed an orc wizard
  2307 | D        | Killed an orc sorcerer
  2309 | D        | Killed an orc wizard
  2311 | D        | Killed an orc wizard
  2315 | D        | Killed an orc sorcerer
  2315 | D        | Received a gift from Trog
  2316 | D        | Found Tyriz's Book Boutique.
  2317 | D        | Killed an orc wizard
  2320 | D        | Found Pyduw's Assorted Antiques.
  2322 | D        | Noticed an orc wizard
  2323 | D        | Noticed an orc sorcerer
  2324 | D        | Noticed an orc sorcerer
  2326 | D        | Noticed an orc sorcerer
  2326 | D        | Killed an orc wizard
  2327 | D        | Noticed an orc sorcerer
  2328 | D        | Noticed a sun demon
  2329 | D        | Killed an orc sorcerer
  2329 | D        | Received a gift from Trog
  2330 | D        | Noticed an ice devil
  2331 | D        | Noticed an ice devil
  2334 | D        | Killed an orc sorcerer
  2334 | D        | Reached skill level 23 in Maces & Flails
  2341 | D        | Killed an orc sorcerer
  2342 | D        | Paralysed by an orc sorcerer for 3 turns
  2348 | D        | Killed an orc sorcerer
  2357 | D        | Bought a potion of might for 52 gold pieces
  2357 | D        | Bought a potion of heal wounds for 65 gold pieces
  2357 | D        | Bought a potion of curing for 39 gold pieces
  2357 | D        | Bought a potion of curing for 39 gold pieces
  2357 | D        | Bought a potion of curing for 39 gold pieces
  2364 | D        | Bought a shiny plate armour for 437 gold pieces
  2364 | D        | Bought a potion of heal wounds for 95 gold pieces
  2364 | D        | Bought a scroll of fear for 66 gold pieces
  2364 | D        | Bought a scroll labeled JUEPSAQEXA for 19 gold pieces
  2364 | D        | Bought a scroll labeled DAFEIP VORES for 19 gold pieces
  2376 | D        | Bought a potion of beneficial mutation for 455 gold pieces
  2376 | D        | Gained mutation: You are agile. (Dex +2) [potion of beneficial mutation]
  2754 | D        | Got the +2 plate armour of the Tick {*Corrode rElec Int+3}
  2782 | D        | Noticed a giant frog
  2782 | D        | Noticed a hungry ghost
  2782 | D        | Noticed a vampire mosquito
  2782 | D        | Noticed a centaur
  2787 | D        | Killed a centaur
  2789 | D        | Killed an unseen horror
  2789 | D        | Reached XP level 12. HP: 122/124 MP: 11/11
  2791 | D        | Noticed a cyclops
  2792 | D        | Killed a vampire mosquito
  2794 | D        | Killed a hungry ghost
  2796 | D        | Killed a giant frog
  2796 | D        | Received a gift from Trog
  2797 | D        | Noticed a fire giant
  2799 | D        | Killed a cyclops
  2802 | D        | Noticed a slime creature
  2803 | D        | Noticed an ice beast
  2804 | D        | Noticed a purple ugly thing
  2807 | D        | Noticed an ettin
  2808 | D        | Killed a fire giant
  2808 | D        | Reached skill level 24 in Maces & Flails
  2808 | D        | Reached skill level 10 in Dodging
  2809 | D        | Noticed an ettin
  2810 | D        | Killed a slime creature
  2811 | D        | Noticed a slime creature
  2814 | D        | Killed a purple ugly thing
  2818 | D        | Slain by an ettin

Vault maps used:
D:        linesprint

Action                   |  1- 3 |  4- 6 |  7- 9 | 10-12 || total
-------------------------+-------+-------+-------+-------++-------
Melee: Mace              |    16 |       |       |       ||    16
       Morningstar       |     2 |    12 |   107 |    44 ||   165
       Great mace        |       |       |       |   148 ||   148
Invok: Berserk           |       |       |       |     3 ||     3
  Use: Potion            |       |       |     1 |     8 ||     9
       Scroll            |       |       |       |     2 ||     2
 Stab: Petrified         |       |       |       |     2 ||     2
  Eat: Chunk             |       |       |     1 |       ||     1
       Bread ration      |       |       |       |     1 ||     1
       Meat ration       |       |       |       |     1 ||     1
